 Dungeon Crawl Stone Soup version 0.29.1-15-g9cfb28693d (webtiles) character file.

Game seed: 14777942790278880206

4211 jtron the Skirmisher (level 10, -4/79 HPs)
             Began as a Demonspawn Monk on Mar 23, 2023.
             Slain by a vampire (5 damage)
             ... on level 8 of the Dungeon.
             The game lasted 00:26:59 (8384 turns).

jtron the Skirmisher (Demonspawn Monk)              Turns: 8384, Time: 00:27:00

Health: -4/79      AC: 21    Str: 13    XL:     10   Next: 8%
Magic:  13/13      EV: 14    Int: 14    God:
Gold:   918        SH:  4    Dex: 19    Spells: 9/9 levels left

rFire   + . .      SeeInvis .   a - +0 falchion
rCold   + . .      Faith    .   (no shield)
rNeg    . . .      Spirit   .   T - +3 ring mail "Pyppoowoa" {rPois rF+ Int+3}
rPois   +          Reflect  .   D - +0 helmet
rElec   .          Harm     .   A - +0 cloak
rCorr   .          Rampage  .   (no gloves)
Will    .....                   L - +2 pair of boots {Stlth+}
Stlth   +++.......              (no amulet)
HPRegen 0.23/turn               E - +4 ring of protection
MPRegen 0.13/turn               r - ring of protection from cold

@: hasted, very quick
A: claws 1, icemail 1, spiny 2, sturdy frame 2, condensation shield
a: no special abilities


You were on level 8 of the Dungeon.
You visited 2 branches of the dungeon, and saw 9 of its levels.
You also visited: Sewer.

You collected 1447 gold pieces.
You spent 529 gold pieces at shops.

Inventory:

Hand Weapons
 a - a +0 falchion (weapon)
 b - a +2 hand crossbow of freezing
 j - a +1 broad axe of flaming
 F - a +0 sling
Missiles
 f - 12 poisoned darts
 g - 45 stones
 u - a throwing net
 Q - a boomerang (quivered)
Armour
 A - a +0 cloak (worn)
 D - a +0 helmet (worn)
 L - a +2 pair of boots of stealth (worn)
 O - +1 steam dragon scales
 T - the +3 ring mail "Pyppoowoa" (worn) {rPois rF+ Int+3}
   (You found it on level 7 of the Dungeon)

   Int:       It affects your intelligence (+3).
   rF:        It protects you from fire.
   rPois:     It protects you from poison.
Magical Staves
 U - a staff of poison
Jewellery
 h - a ring of see invisible
 m - a +6 ring of strength
 r - a ring of protection from cold (right claw)
 y - a ring of fire
 B - a ring of protection from cold
 E - a +4 ring of protection (left claw)
 P - a ring of ice
 R - a ring of ice
 V - an amulet of magic regeneration
Wands
 e - a wand of flame (5)
 k - a wand of digging (7)
 x - a wand of charming (17)
 J - a wand of iceblast (5)
Scrolls
 i - 4 scrolls of blinking
 l - a scroll of butterflies {unknown}
 o - 6 scrolls of teleportation
 p - 3 scrolls of vulnerability {unknown}
 q - a scroll of immolation {unknown}
 t - 2 scrolls of fear
 v - 3 scrolls of torment
 w - 4 scrolls of amnesia
 z - a scroll of magic mapping {unknown}
 C - a scroll of noise {unknown}
 N - a scroll of silence {unknown}
Potions
 c - a potion of ambrosia
 d - 2 potions of brilliance
 n - a potion of attraction {unknown}
 s - a potion of haste
 G - 2 potions of lignification {unknown}
 H - a potion of mutation {unknown}
 I - 2 potions of resistance
 K - a potion of curing {unknown}
 S - a potion of berserk rage


   Skills:
 + Level 7.4 Fighting
 + Level 4.7 Long Blades
 + Level 8.7 Ranged Weapons
 + Level 0.5 Throwing
 + Level 0.6 Armour
 + Level 4.3 Dodging
 + Level 3.1 Stealth
 - Level 1.2 Shields
 * Level 4.4 Invocations
 + Level 4.1 Evocations


You had 9 spell levels left.
You didn't know any spells.
Your spell library contained the following spells:

 Spells                   Type           Power      Damage    Failure   Level
 Sublimation of Blood     Necr           0%         N/A       45%         2
 Wereblood                Tmut           0%         N/A       45%         2
 Call Canine Familiar     Summ           0%         N/A       69%         3
 Portal Projectile        Hex/Tloc       0%         N/A       69%         3
 Leda's Liquefaction      Hex/Erth       0%         N/A       97%         4
 Summon Hydra             Summ           0%         N/A       100%        7


Dungeon Overview and Level Annotations

Branches:
Dungeon (8/15)             Temple (1/1) D:7           Sewer (visited)
   Lair: D:8-11

Altars:
Dithmenos
Fedhas
Hepliaklqana
Kikubaaqudgha
Makhleb
Nemelex Xobeh
Okawaru
Qazlal
Ru
Sif Muna
Trog
Uskayaw
Vehumet
Wu Jian
Xom
Yredelemnul

Shops:
D:4 *   D:6 *:**   D:7 *


Innate Abilities, Weirdness & Mutations

You have sharp fingernails.
A meltable icy envelope protects you from harm. (AC +4)
You are mostly covered in sharp spines.
Your movements are less encumbered by armour. (ER -4)
A meltable shield of frost defends you. (SH +4)


Message History

You barely miss something. Something hits you. Something bites you.
Something draws strength from your injuries!
You barely miss something. Something hits you but does no damage.
Something bites you.
Something draws strength from your injuries!
You feel much better. Something hits you but does no damage.
Something bites you.
Something draws strength from your injuries!
You feel much better. Something hits you. Something bites you.
Something draws strength from your injuries!
You closely miss something. Something hits you but does no damage.
Something bites you.
Something draws strength from your injuries!
You hit something. Something hits you but does no damage. Something bites you!
Something draws strength from your injuries!
You closely miss something. Something hits you but does no damage.
Something bites you but does no damage.
You hit something. Something barely misses you.
Something bites you but does no damage.
You hit something. Something hits you. Something bites you but does no damage.
You hit something but do no damage. Something draws life force from you!!
* * * LOW HITPOINT WARNING * * *
You hit something but do no damage. Something hits you but does no damage.
Something completely misses you. Something hits you but does no damage.
Something bites you but does no damage.
You closely miss something. Something hits you but does no damage.
Something barely misses you.
Aiming: Throw Flame
Press: ? - help, Shift-Dir - straight line The puff of flame hits something!
Something draws life force from you!
* * * LOW HITPOINT WARNING * * *
You closely miss something. Something hits you but does no damage.
Something bites you but does no damage.
You feel yourself speed up. Something hits you but does no damage.
Something bites you!
* * * LOW HITPOINT WARNING * * *
Something draws strength from your injuries!
You hit something but do no damage. You hit something. Something hits you.
You die...

#.# #.....##.. #.#
#......##+
#.###.......#.
#.#...#######.
#....#......#
##.##........#
###..###......##
#####...## #....##
##..{@.### ...##
###..##### ..##
#...### .## #.#...#
#..###J###
#.####...####
#............####
#.....#####.....##...
#...###............#


There were no monsters in sight!

Vanquished Creatures
  A slime creature (D:8)
  A wyvern (D:7)
  A wraith (D:7)
  A steam dragon (D:6)
  2 wargs (D:7)
  A water moccasin (D:7)
  2 orc warriors (D:7)
  3 sky beasts
  2 black bears
  An ogre (D:5)
  2 phantoms (D:5)
  A kobold brigand (D:6)
  3 bullfrogs
  2 necrophages
  2 scorpions
  A gnoll sergeant (D:5)
  9 wights
  5 killer bees (D:8)
  A howler monkey (D:5)
  A gnoll bouda (D:6)
  3 hounds
  2 jellies
  3 orc priests
  Jessica (D:3)
  An iguana (D:5)
  7 orc wizards
  10 gnolls
  5 adders
  2 shadow imps
  2 white imps (D:7)
  6 worms
  A dart slug (D:2)
  18 orcs
  9 endoplasms
  13 giant cockroaches
  8 goblins
  5 hobgoblins
  6 jackals (D:1)
  6 quokkas
  14 ball pythons
  5 bats
  11 frilled lizards
  12 kobolds
  7 rats
199 creatures vanquished.

Vanquished Creatures (collateral kills)
  Maggie (D:6)
  3 gnolls (D:5)
4 creatures vanquished.

Vanquished Creatures (others)
  2 gnolls
  13 plants (D:5)
15 creatures vanquished.

Grand Total: 218 creatures vanquished

Notes
Turn   | Place    | Note
-------+----------+-------------------------------------------
     0 | D:1      | jtron the Demonspawn Monk began the quest for the Orb.
     0 | D:1      | Reached XP level 1. HP: 18/18 MP: 1/1
   215 | D:1      | Gained mutation: A meltable shield of frost defends you.
                  | (SH +4) [demonic ancestry]
   215 | D:1      | Reached XP level 2. HP: 24/24 MP: 2/2
   852 | D:1      | Gained mutation: You are partially covered in sharp spines.
                  | [demonic ancestry]
   852 | D:1      | Reached XP level 3. HP: 29/29 MP: 3/3
  1122 | D:2      | Found a faded altar of an unknown god.
  1358 | D:2      | Gained mutation: You are mostly covered in sharp spines.
                  | [demonic ancestry]
  1358 | D:2      | Reached XP level 4. HP: 37/37 MP: 4/4
  2037 | D:3      | Noticed Jessica
  2046 | D:3      | Killed Jessica
  2047 | D:3      | Reached skill level 1 in Ranged Weapons
  2047 | D:3      | Reached XP level 5. HP: 25/42 MP: 5/5
  2281 | D:3      | Found a glowing drain.
  2291 | Sewer    | Entered a sewer
  2454 | Sewer    | Reached skill level 2 in Ranged Weapons
  2539 | Sewer    | Reached skill level 3 in Ranged Weapons
  2539 | Sewer    | Gained mutation: Your movements are slightly less
                  | encumbered by armour. (ER -2) [demonic ancestry]
  2539 | Sewer    | Reached XP level 6. HP: 41/49 MP: 6/6
  2758 | D:3      | Noticed a sky beast
  2771 | D:3      | Killed a sky beast
  3083 | D:3      | Found a blossoming altar of Fedhas.
  3108 | D:4      | Found Zin's Purification Station.
  3307 | D:4      | Reached skill level 1 in Shields
  3307 | D:4      | Gained mutation: Your movements are less encumbered by
                  | armour. (ER -4) [demonic ancestry]
  3307 | D:4      | Reached XP level 7. HP: 51/55 MP: 7/7
  3524 | D:4      | Reached skill level 4 in Ranged Weapons
  4411 | D:5      | Entered Level 5 of the Dungeon
  4426 | D:5      | Reached skill level 1 in Evocations
  4907 | D:5      | Identified 2 scrolls of acquirement
  4908 | D:5      | Acquired a +2 hand crossbow of freezing
  4910 | D:5      | Acquired 958 gold pieces
  5032 | D:5      | Found a stormy altar of Qazlal.
  5039 | D:5      | Reached skill level 5 in Fighting
  5101 | D:5      | Found a shadowy altar of Dithmenos.
  5174 | D:5      | Gained mutation: You have sharp fingernails. [demonic
                  | ancestry]
  5174 | D:5      | Reached XP level 8. HP: 59/63 MP: 8/8
  5332 | D:5      | Found a shimmering altar of Xom.
  5335 | D:5      | Reached skill level 5 in Ranged Weapons
  5807 | D:6      | Found Tem Elosop's Assorted Antiques.
  5815 | D:6      | Bought a pair of embroidered boots for 202 gold pieces
  5872 | D:6      | Found Xoesuq's Assorted Antiques.
  5911 | D:6      | Found Sadubbue's Book Boutique.
  5979 | D:6      | Reached skill level 6 in Ranged Weapons
  5989 | D:6      | Found Qom Tulo's General Store.
  6058 | D:6      | Bought a scroll of identify for 26 gold pieces
  6058 | D:6      | Bought a scroll of identify for 26 gold pieces
  6058 | D:6      | Bought a scroll of identify for 26 gold pieces
  6224 | D:6      | Noticed Maggie
  6234 | D:6      | Killed Maggie
  6561 | D:7      | Reached XP level 9. HP: 61/71 MP: 9/9
  6655 | D:7      | Found a hazy altar of Hepliaklqana.
  6667 | D:7      | Reached skill level 1 in Invocations
  6710 | D:7      | Reached skill level 7 in Ranged Weapons
  6745 | D:7      | Found a staircase to the Ecumenical Temple.
  6758 | Temple   | Entered the Ecumenical Temple
  7205 | D:7      | Found Qozemn's Assorted Antiques.
  7231 | D:7      | Bought a wand of iceblast (4) for 249 gold pieces
  7594 | D:7      | Reached skill level 8 in Ranged Weapons
  7751 | D:7      | Found a radiant altar of Vehumet.
  7751 | D:7      | Found an iron altar of Okawaru.
  7854 | D:7      | Identified the +3 ring mail "Pyppoowoa" {rPois rF+ Int+3}
  8218 | D:8      | Gained mutation: A meltable icy envelope protects you from
                  | harm. (AC +4) [demonic ancestry]
  8218 | D:8      | Reached XP level 10. HP: 68/79 MP: 13/13
  8382 | D:8      | HP: 1/79 [something (8)]
  8384 | D:8      | Slain by a vampire

Illustrated notes

Levels and vault maps discovered:
D:1:      giann_bridges, layout_loops_ring, serial_forest,
          infiniplex_forest_lined_4_way, infiniplex_forest_straight_5,
          infiniplex_forest_zigzag_1, infiniplex_forest_side_room,
          infiniplex_forest_straight_3, infiniplex_forest_corner_1
D:2:      layout_loops_cross, shapermc_ecumenical_altar_venn, minmay_nonomino_d4
D:3:      layout_basic, mainiacjoe_overflow_alcove_4,
          cheibrodos_sewer_entry_drain, minmay_crystal_room,
          hangedman_decor_growths, uniq_jessica
D:4:      layout_basic, zin_purify, small_statue_intersection
D:5:      layout_basic, mainiacjoe_overflow_cross_hatched, lemuel_round_altar,
          mainiacjoe_overflow_catwalk
D:6:      layout_basic, serial_shops, nicolae_shop_hallway_stairs,
          nicolae_shop_overgrown_old_shop, shop, nicolae_diamond_shop,
          st_stairs_13, uniq_maggie
D:7:      layout_basic, mainiacjoe_overflow_paths,
          mainiacjoe_overflow_divided_tiny, minmay_temple_entry_stoned_glass,
          serial_shops, nicolae_shop_competitors_out_of_business,
          hangedman_decor_points
D:8:      layout_rooms, grunt_gozag_statues, nicolae_ashenzari_panopticon,
          erik_lair_orcish_takeover, grunt_decor_junction, minmay_radiant
Temple:   chequers_temple_sunken

Skill      XL: |  1  2  3  4  5  6  7  8  9 10 |
---------------+-------------------------------+-----
Dodging        | 3 4 |  4.3
Long Blades    | 3 4 |  4.7
Stealth        | 2 3 |  3.1
Ranged Weapons | 1 3 4 6 8 |  8.7
Fighting       | 4 5 6 7 |  7.4
Shields        | 1 |  1.2
Evocations     | 2 4 |  4.1
Invocations    | 4 |  4.4
Throwing       | |  0.5
Armour         | |  0.6

Action                   |  1- 3 |  4- 6 |  7- 9 | 10-12 || total
-------------------------+-------+-------+-------+-------++-------
Melee: Falchion          |    77 |    62 |    45 |    24 ||   208
       Punch             |       |       |     1 |       ||     1
       Hand crossbow     |       |       |       |     1 ||     1
 Fire: Sling             |    21 |    97 |    37 |       ||   155
       Hand crossbow     |       |       |   156 |     8 ||   164
Throw: Stone             |    19 |       |       |       ||    19
       Boomerang         |       |       |     3 |       ||     3
Evoke: Wand              |       |       |     8 |     2 ||    10
  Use: Scroll            |     1 |     4 |    14 |       ||    19
       Potion            |       |     3 |     1 |     3 ||     7
 Stab: Sleeping          |     2 |     1 |       |       ||     3
Armor: Robe              |     7 |       |       |       ||     7
       Leather armour    |       |     9 |     8 |       ||    17
       Steam dragon scal |       |       |    18 |       ||    18
       Ring mail         |       |       |     7 |    32 ||    39
Dodge: Dodged            |    54 |    29 |    48 |    11 ||   142
Block: Other             |    10 |    13 |    17 |       ||    40
